Map: Polka LE

Players

KISSINGER

  • Race: Terran Terran
  • Spawn Location: 5:00

ImissU

  • Race: Zerg Zerg
  • League: Master
  • Spawn Location: 5:00

Massa

  • Race: Terran Terran
  • League: Platinum
  • Spawn Location: 11:00

qqq

  • Race: Zerg Zerg
  • League: Platinum
  • Spawn Location: 11:00

VOD

Have the link to the VOD?

Description

Time

  • Played on: Jan. 15, 2021, 2:39 p.m.
  • Length: 6:13
Show
View Real Time Build Order
Export as new Build Order

KISSINGER Terran 

Build Orders: 2 Factory 

Get SALT Encoding   

  12  0:00  SCV  
  13  0:12  SCV  
  14  0:17  Supply Depot  
  14  0:24  SCV  
  14  0:28  Refinery  
  15  0:39  SCV  
  16  0:45  Barracks  
  16  0:51  SCV  
  17  1:03  SCV  
  18  1:16  SCV  
  19  1:32  Orbital Command  
  19  1:35  Factory  
  19  1:47  Barracks Reactor  
  19  1:58  Command Center  
  19  2:01  SCV  
  20  2:13  SCV  
  21  2:25  SCV  
  22  2:34  Supply Depot  
  22  2:36  Barracks Tech Lab  
  22  2:41  Factory  
  22  2:42  SCV  
  23  2:45  Refinery  
  23  2:56  Hellion x2  
  23  2:57  SCV  
  28  3:10  SCV  
  27  3:22  SCV, Hellion  
  30  3:30  Supply Depot  
  30  3:34  SCV  
  31  3:50  SCV, Hellion x2  
  36  3:59  Cyclone  
  36  4:00  Mag-Field Accelerator  
  36  4:01  Orbital Command  
  36  4:02  SCV  
  40  4:12  Hellion x2  
  40  4:14  SCV  
  43  4:26  SCV  
  44  4:33  Cyclone  
  44  4:34  SCV  
  48  4:38  SCV  
  48  4:40  Hellion  
  51  4:46  SCV  
  51  4:50  SCV  
  53  4:58  SCV  
  52  5:03  SCV  
  53  5:10  SCV  
  54  5:20  Engineering Bay  
  54  5:22  Supply Depot x2  
  54  5:33  Command Center  
  54  5:34  Factory x2  
  54  5:35  Factory  
  54  5:43  SCV x2  
  56  5:54  Missile Turret  
  56  5:56  Refinery, SCV x2  
  58  5:57  Refinery  
  58  6:00  Supply Depot  
  58  6:02  Supply Depot  
  58  6:03  Missile Turret  
Show
View Real Time Build Order
Export as new Build Order

ImissU Zerg 

Build Orders: Hatch First, Zergling Baneling 

Get SALT Encoding   

  12  0:00  Drone  
  13  0:14  Overlord  
  13  0:18  Drone  
  14  0:33  Drone  
  14  0:34  Drone  
  16  0:51  Drone  
  16  0:52  Hatchery  
  16  0:56  Drone  
  17  1:00  Drone  
  18  1:13  Extractor  
  18  1:16  Spawning Pool  
  17  1:18  Drone  
  17  1:23  Drone  
  18  1:32  Drone  
  19  1:41  Drone  
  20  1:52  Overlord  
  20  2:02  Queen  
  20  2:04  Queen  
  20  2:05  Zergling x2  
  20  2:07  Drone  
  27  2:15  Drone x2  
  27  2:18  Metabolic Boost  
  28  2:24  Drone  
  28  2:26  Drone  
  30  2:37  Drone  
  30  2:38  Drone  
  30  2:42  Baneling Nest  
  31  2:52  Overlord  
  31  2:58  Drone x3  
  33  3:09  Drone x2  
  35  3:15  Hatchery, Overlord  
  34  3:30  Zergling x12  
  40  3:40  Drone  
  41  3:42  Drone  
  42  3:48  Zergling x2  
  42  3:49  Zergling x10  
  48  3:56  Zergling x4  
  50  4:05  Zergling x4  
  50  4:09  Baneling x8  
  51  4:17  Overlord  
  51  4:26  Zergling x6  
  51  4:27  Zergling x6  
  57  4:33  Overlord  
  57  4:34  Queen  
  52  4:48  Zergling x14  
  58  4:56  Drone x2  
  58  4:58  Roach Warren  
  58  5:07  Zergling x14  
  64  5:15  Spore Crawler  
  64  5:18  Spore Crawler  
  60  5:21  Zergling x2  
  60  5:22  Zergling x8  
  60  5:26  Zergling x2  
  64  5:33  Zergling x8  
  64  5:34  Zergling x2  
  62  5:49  Drone x6  
  67  6:06  Spore Crawler  
Show
View Real Time Build Order
Export as new Build Order

Massa Terran 

Build Orders:  

Get SALT Encoding   

  12  0:00  SCV  
  13  0:12  SCV  
  14  0:24  SCV  
  14  0:25  Supply Depot  
  15  0:44  Refinery  
  15  0:46  SCV  
  15  0:48  Barracks  
  16  0:54  Refinery  
  16  0:58  SCV  
  17  1:11  SCV  
  18  1:23  SCV  
  19  1:35  SCV  
  20  1:43  Supply Depot  
  20  1:45  Reaper  
  21  1:47  Orbital Command  
  21  2:02  Factory  
  22  2:15  SCV  
  22  2:16  Marine  
  23  2:32  SCV  
  25  2:44  SCV  
  25  2:50  Starport  
  25  2:52  Starport  
  25  3:17  Marine  
  26  3:26  Starport Tech Lab  
  26  3:35  Starport Tech Lab  
  26  3:37  Hellion  
  28  3:45  SCV  
  27  3:58  Reaper, Command Center  
  27  3:59  Hellion  
  30  4:13  Banshee  
  30  4:14  Supply Depot  
  30  4:15  Supply Depot  
  30  4:17  Supply Depot  
  30  4:29  Marine  
  31  4:33  Cloaking Field  
  31  4:35  Banshee  
  31  4:36  Hellion, Barracks  
  36  4:47  Marine  
  33  4:57  Hellion  
  29  5:18  Banshee x2  
  34  5:24  Marine  
  34  5:38  Factory  
  34  5:39  Barracks  
  34  5:42  Marine  
Show
View Real Time Build Order
Export as new Build Order

qqq Zerg 

Build Orders: Hatch First 

Get SALT Encoding   

  12  0:00  Drone  
  13  0:11  Drone  
  14  0:23  Overlord  
  14  0:46  Hatchery  
  14  0:48  Drone  
  14  0:52  Drone  
  14  0:56  Drone  
  16  1:26  Drone x2, Spawning Pool  
  16  1:27  Drone, Extractor  
  17  1:42  Drone  
  18  2:18  Drone x3  
  21  2:27  Drone  
  21  2:28  Drone x2, Queen  
  21  2:29  Queen  
  28  2:35  Drone, Roach Warren  
  28  2:39  Extractor  
  28  2:42  Drone  
  28  2:45  Overlord  
  28  2:52  Overlord  
  28  3:09  Drone  
  28  3:10  Drone x2  
  31  3:15  Drone  
  31  3:17  Lair  
  31  3:19  Drone  
  33  3:24  Roach  
  33  3:26  Roach  
  37  3:34  Drone  
  37  3:36  Overlord  
  38  3:44  Roach x3  
  44  3:58  Drone, Roach  
  44  3:59  Drone x2  
  49  4:24  Roach  
  51  4:26  Overlord x3  
  51  4:27  Spire, Overlord  
  51  4:30  Drone x2  
  52  4:32  Extractor x2, Drone  
  52  4:33  Drone  
  52  4:45  Roach x2  
  44  4:48  Spine Crawler  
  44  4:50  Spine Crawler  
  41  4:59  Roach  
  38  5:00  Roach x3  
  38  5:01  Roach  
  38  5:02  Roach  
  40  5:12  Zergling x4  
  40  5:21  Roach x2  
  44  5:27  Roach  
  42  5:35  Roach  
  42  5:36  Roach  
  42  5:40  Roach  
  34  5:45  Mutalisk  
Tags
 
Add a new tag
Caveats
  • Supply blocks, unpowered buildings, or Contaminate may cause inaccurate times.
  • Supply counts are checked every 10 seconds.